 Dungeon Crawl Stone Soup version bcrawl-1.12.2 (webtiles) character file.

Game seed: 13111163097560665998

80 Ebbett the Covered (level 4, -3/42 HPs)
             Began as a Deep Dwarf Fighter on July 23, 2019.
             Was a Priest of Elyvilon.
             Slain by a sky beast (5 damage)
             ... on level 3 of the Dungeon.
             The game lasted 00:05:02 (1843 turns).

Ebbett the Covered (Deep Dwarf Fighter)             Turns: 1843, Time: 00:05:02

Health: -3/42      AC: 10    Str: 21    XL:     4   Next: 18%
Magic:  4/4        EV:  5    Int:  8    God:    Elyvilon [***...]
Gold:   168        SH:  9    Dex: 12    Spells: 3/3 levels left

rFire    + . .     SeeInvis .   a - +1 flail
rCold    + . .     Gourm    .   c - +0 shield
rNeg     . . .     Faith    .   j - +0 chain mail (curse)
rPois    .         Spirit   .   (no helmet)
rElec    .         Reflect  .   g - scarf {rC+ rF+}
rCorr    .         Harm     .   k - +0 pair of gloves
MR       .....                  (no boots)
Stlth    ..........             (no amulet)
HPRegen  0.00/turn              (no ring)
MPRegen  0.09/turn              (no ring)

@: non-regenerating
A: damage resistance, sense surroundings 1, no regeneration
a: Lesser Healing, Heal Other, Purification, Divine Protection, Renounce
Religion


You were on level 3 of the Dungeon.
You worshipped Elyvilon.
Elyvilon was most pleased with you.
You were very hungry.

You visited 1 branch of the dungeon, and saw 3 of its levels.

You collected 168 gold pieces.

Inventory:

Hand Weapons
 a - a +1 flail (weapon)
Missiles
 n - 206 javelins (quivered)
Armour
 b - a +0 scale mail
 c - a +0 shield (worn)
 g - a scarf of resistance (worn)
 j - a cursed +0 chain mail (worn)
 k - a +0 pair of gloves (worn)
Wands
 q - a wand of polymorph (10)
Scrolls
 h - 2 scrolls of enchant weapon
 l - 2 scrolls of teleportation {unknown}
 m - a scroll of immolation {unknown}
 p - a scroll of amnesia {unknown}
Potions
 d - a potion of might
 e - a potion of berserk rage {unknown}
 i - a potion of invisibility {unknown}
 o - a potion of heal wounds {unknown}
Comestibles
 f - 7 rations {!d}


   Skills:
 + Level 3.2 Fighting
 + Level 3.1 Maces & Flails
 + Level 4.0 Armour
 + Level 0.3 Dodging
 + Level 3.8 Shields


You had 3 spell levels left.
You didn't know any spells.
Your spell library was empty.

Dungeon Overview and Level Annotations

Branches:
Dungeon (3/12)

Altars:
Elyvilon
The Shining One


Innate Abilities, Weirdness & Mutations

You are resistant to damage.
You passively map a small area around you.
You do not regenerate.


Message History

You miss something. Something hits you. Something shocks you.
Your shield and chain mail prevent you from hitting something.
Something completely misses you. Something hits you but does no damage.
You miss something. You block something's attack.
You miss something. Something hits you but does no damage.
You barely miss something. Something hits you. Something shocks you.
You closely miss something. Something hits you. Something shocks you.
* * * LOW HITPOINT WARNING * * *
Something hits you but does no damage.
You barely miss something. Something hits you but does no damage.
You closely miss something. You block something's attack.
You closely miss something.
Something hits you but does no damage. x2
You miss something. Something hits you.
* * * LOW HITPOINT WARNING * * *
Something shocks you.
* * * LOW HITPOINT WARNING * * *
You closely miss something. Something hits you.
* * * LOW HITPOINT WARNING * * *
Something shocks you.
You die...

, ,, ,
###.#####.####.(..#
.. ,,
+.................+
, ,
###.##.......(....#
, , ,
#.##.######.##### *
* #^##.#...##.# ,
..##.#.#....#
**####.#.######
#{#.# #######@#.#
,, * * *,
..........+, , , *
########..# ** #..#
, * , , #.... ,, ,
#.####* * ,,, , #.#
* ,, #.# , , , #.#


There were no monsters in sight!

Vanquished Creatures
  3 gnolls (D:2)
  2 oozes (D:2)
  2 worms (D:1)
  A leopard gecko (D:1)
  2 giant cockroaches (D:1)
  3 goblins
  6 jackals (D:1)
  2 quokkas
  2 bats (D:1)
  2 frilled lizards
  5 kobolds
  5 rats
35 creatures vanquished.

Notes
Turn   | Place    | Note
-------+----------+-------------------------------------------
     0 | D:1      | Ebbett the Deep Dwarf Fighter began the quest for the Orb.
     0 | D:1      | Reached XP level 1. HP: 21/21 MP: 1/1
   143 | D:1      | Reached XP level 2. HP: 26/28 MP: 2/2
   487 | D:1      | Reached ** piety under Elyvilon
   497 | D:1      | Reached XP level 3. HP: 29/34 MP: 3/3
   508 | D:1      | Reached skill level 4 in Armour
   914 | D:2      | Reached XP level 4. HP: 34/42 MP: 4/4
   994 | D:2      | Found a white marble altar of Elyvilon.
  1450 | D:2      | Found a glowing golden altar of the Shining One.
  1789 | D:3      | Reached *** piety under Elyvilon
  1822 | D:3      | Noticed a sky beast
  1843 | D:3      | HP: 2/42 [something (3)]
  1843 | D:3      | Slain by a sky beast

Skill      XL: |  1  2  3 |
---------------+----------+-----
Armour         | 4 |  4.0
Maces & Flails | 3 |  3.1
Fighting       | |  3.2
Dodging        | |  0.3
Shields        | |  3.8

Action                   |  1- 3 |  4- 6 || total
-------------------------+-------+-------++-------
Melee: Flail             |    84 |    40 ||   124
  Use: Scroll            |     1 |       ||     1
  Eat: Chunk             |       |     2 ||     2
Armor: Scale mail        |    35 |       ||    35
       Chain mail        |     6 |    17 ||    23
Dodge: Dodged            |    25 |     6 ||    31
Block: Shield            |    42 |    16 ||    58
